 Dungeon Crawl Stone Soup version 0.31-a0-1005-gfbdfbacc72 (webtiles) character file.

Game seed: 1834961041073604530

1339 ChronoRanger the Cleaver (level 8, -2/71 HPs)
             Began as a Minotaur Fighter on Nov 11, 2023.
             Was a Follower of Okawaru.
             Slain by an orc warrior
             ... wielding a +0 halberd
              (16 damage)
             ... on level 6 of the Dungeon.
             The game lasted 00:13:21 (3740 turns).

ChronoRanger the Cleaver (Minotaur Fighter)         Turns: 3740, Time: 00:13:21

Health: -2/71      AC:  9    Str: 22    XL:     8   Next: 35%
Magic:  7/7        EV:  7    Int: 11    God:    Okawaru [*.....]
Gold:   322        SH:  9    Dex: 11    Spells: 7/7 levels left

rFire   + . .        a - +0 war axe
rCold   + . .        w - +0 kite shield
rNeg    . . .        x - +0 chain mail
rPois   .            (helmet restricted)
rElec   .            q - scarf {rC+ rF+}
rCorr   .            (no gloves)
SInv    .            (no boots)
Will    .....        k - amulet of regeneration Stlth
                     e - +6 ring of intelligence
HPRegen 1.11/turn    (no ring)
MPRegen 0.10/turn

%: no passive effects
@: mighty, lethally poisoned (-2 -> -2)
A: horns 2, retaliatory headbutt
a: Renounce Religion, Heroism


You were on level 6 of the Dungeon.
You worshipped Okawaru.
Okawaru was aware of your devotion.
You visited 2 branches of the dungeon, and saw 7 of its levels.

You collected 322 gold pieces.

Inventory:

Hand Weapons
 a - a +0 war axe (weapon)
 p - a +0 flail
Armour
 q - a scarf of resistance (worn)
 w - a +0 kite shield (worn)
 x - a +0 chain mail (worn)
Jewellery
 e - a +6 ring of intelligence (left hand)
 k - an amulet of regeneration (around neck)
Talismans
 o - a beast talisman
Wands
 u - a wand of flame (11)
Scrolls
 j - a scroll of blinking {unknown}
 m - 2 scrolls of noise {unknown}
 n - 3 scrolls of teleportation
 s - 2 scrolls of immolation {unknown}
 t - a scroll of amnesia {unknown}
 y - a scroll of enchant armour {unknown}
 z - a scroll of acquirement {unknown}
Potions
 b - a potion of mutation {unknown}
 f - a potion of curing {unknown}
 h - a potion of heal wounds
 i - a potion of ambrosia
 l - 4 potions of lignification
 r - a potion of invisibility
 v - a potion of brilliance


   Skills:
 + Level 6.8 Fighting
 * Level 8.5 Axes
 - Level 5.4 Armour
 + Level 6.8 Shields


You had 7 spell levels left.
You didn't know any spells.
Your spell library contained the following spells:

 Spells                   Type           Power      Damage    Failure   Level
 Apportation              Tloc           0%         N/A       99%         1
 Magic Dart               Conj           0%         1d3       99%         1
 Necrotise                Necr           0%         1d4       99%         1
 Mephitic Cloud           Conj/Pois/Air  0%         N/A       100%        3
 Summon Small Mammal      Summ           Unusable   N/A       N/A         1
 Call Imp                 Summ           Unusable   N/A       N/A         2

Dungeon Overview and Level Annotations

Branches:
Dungeon (6/15)             Temple (1/1) D:4

Altars:
Ashenzari
Cheibriados
Elyvilon
Kikubaaqudgha
Makhleb
Nemelex Xobeh
Okawaru
Ru
Sif Muna
Trog
Uskayaw
Vehumet
Wu Jian
Xom
Yredelemnul
The Shining One

Shops:
D:3 :

Annotations:
D:4 2 transporters, Drangen's ghost, amateur SpHu


Innate Abilities, Weirdness & Mutations

You have a pair of horns on your head.
You reflexively headbutt those who attack you in melee.


Message History

The steam dragon is almost dead.
The steam dragon bites you but does no damage.
You block the steam dragon's attack.
You slash the steam dragon!
You kill the steam dragon!
Okawaru accepts your kill. You block the scorpion's attack.
You block the orc warrior's attack.
There is an open door here.
Okay, then.
You barely miss the scorpion. You block the scorpion's attack.
The orc warrior hits you from afar with a +0 halberd.
You feel very mighty all of a sudden. The scorpion stings you.
* * * LOW HITPOINT WARNING * * *
You are poisoned.
The scorpion poisons you!
The orc warrior hits you from afar with a +0 halberd.
* * * LOW HITPOINT WARNING * * *
The scorpion stings you but does no damage.
You closely miss the scorpion. Your headbutt misses the scorpion.
You feel very sick. The scorpion closely misses you. You furiously retaliate!
You headbutt the scorpion!
The orc warrior hits you from afar with a +0 halberd.
* * * LOW HITPOINT WARNING * * *
You slash the scorpion!
You kill the scorpion!
Okawaru accepts your kill.
You feel sick.
The orc warrior hits you from afar with a +0 halberd!
* * * LOW HITPOINT WARNING * * *
You feel sick. You block the orc warrior's attack.
You closely miss the orc warrior.
The orc warrior is lightly wounded.
You feel sick. You block the orc warrior's attack.
You closely miss the orc warrior.
The orc warrior is lightly wounded.
You feel sick.
The orc warrior hits you with a +0 halberd!
You die...

#########
########.......########
.......'..###..'@o..>.#
########..# #..####...#
..# #..# ##.# #...# ..#
#..# #.# #...# ..# #..#
### ##s.# ..# #..#
#.o.?# <.# #.!# #s....#
..# #### #......# ..#
#....>..#


You could see an orc warrior.

Vanquished Creatures
  A steam dragon (D:6)
  A water moccasin (D:6)
  A black bear (D:6)
  2 ice beasts (D:6)
  A phantom (D:4)
  Blork the orc (D:4)
  A scorpion (D:6)
  3 hounds (D:5)
  Ijyb (D:4)
  2 orc priests
  2 sleepcaps
  Jessica (D:3)
  3 iguanas
  Natasha (twice) (D:3)
  4 orc wizards
  A gnoll (D:4)
  3 adders
  2 shadow imps
  2 ufetubi (D:4)
  2 worms (D:5)
  2 dart slugs
  12 orcs
  6 bats
  6 endoplasms
  5 giant cockroaches
  4 goblins
  A hobgoblin (D:2)
  9 kobolds
  3 quokkas
  9 ball pythons
  3 frilled lizards (D:3)
  A rat (D:2)
97 creatures vanquished.

Notes
Turn   | Place    | Note
-------+----------+-------------------------------------------
     0 | D:1      | ChronoRanger the Minotaur Fighter began the quest for the
                  | Orb.
     0 | D:1      | Reached XP level 1. HP: 19/19 MP: 0/0
   171 | D:1      | Reached XP level 2. HP: 27/27 MP: 1/1
   251 | D:1      | Reached skill level 3 in Axes
   627 | D:2      | Reached XP level 3. HP: 28/33 MP: 2/2
   913 | D:3      | Noticed Natasha
   922 | D:3      | Killed Natasha
   923 | D:3      | Reached XP level 4. HP: 40/40 MP: 3/3
   955 | D:3      | Found Xeffemet's Book Shoppe.
   991 | D:3      | Noticed Natasha
  1001 | D:3      | Reached skill level 4 in Axes
  1064 | D:3      | Killed Natasha
  1072 | D:3      | Reached XP level 5. HP: 47/47 MP: 4/4
  1196 | D:3      | Noticed Jessica
  1212 | D:3      | Killed Jessica
  1765 | D:4      | Reached skill level 5 in Axes
  1767 | D:4      | Reached XP level 6. HP: 36/55 MP: 5/5
  1822 | D:4      | Found a transporter.
  1847 | D:4      | Noticed Ijyb
  1859 | D:4      | Killed Ijyb
  1860 | D:4      | Reached skill level 5 in Fighting
  1894 | D:4      | Found a transporter.
  1935 | D:4      | Reached skill level 5 in Shields
  1944 | D:4      | Found a staircase to the Ecumenical Temple.
  1951 | Temple   | Entered the Ecumenical Temple
  1958 | Temple   | Became a worshipper of Warmaster Okawaru
  2008 | D:4      | Noticed Blork the orc
  2015 | D:4      | Killed Blork the orc
  2016 | D:4      | Reached skill level 5 in Armour
  2072 | D:4      | Found an ancient bone altar of Kikubaaqudgha.
  2075 | D:4      | Found a burning altar of Makhleb.
  2078 | D:4      | Found a sparkling altar of Nemelex Xobeh.
  2078 | D:4      | Found a shimmering altar of Xom.
  2085 | D:4      | Found a radiant altar of Vehumet.
  2337 | D:4      | Noticed Drangen's ghost (amateur SpHu)
  2497 | D:5      | Entered Level 5 of the Dungeon
  2557 | D:4      | Reached skill level 6 in Axes
  2564 | D:5      | Reached XP level 7. HP: 53/61 MP: 6/6
  3364 | D:6      | Reached skill level 7 in Axes
  3379 | D:6      | Found a sacrificial altar of Ru.
  3545 | D:6      | Reached * piety under Okawaru
  3551 | D:6      | Reached XP level 8. HP: 40/71 MP: 7/7
  3604 | D:6      | Reached skill level 8 in Axes
  3740 | D:6      | Slain by an orc warrior

Illustrated notes

Levels and vault maps discovered:
D:1:      nzn_arrival_settlement, layout_basic, minmay_misc_feat_enclosed,
          hex_tiny
D:2:      layout_basic, minmay_misc_feat_rugged
D:3:      layout_loops_ring, serial_shops, nicolae_shop_stone,
          minmay_misc_feat_secret_circle, uniq_jessica, uniq_natasha
D:4:      layout_basic, nicolae_overflow_hallway_of_the_gods,
          minmay_temple_entry_gardened_gates, gammafunk_ghost_gnarly_gnolls,
          kennysheep_diamond, uniq_blork_the_orc, uniq_ijyb
D:5:      layout_basic
D:6:      layout_basic, nicolae_ru_the_path_less_chosen, minmay_crossroads
Temple:   hellmonk_temple_micro_hex

Skill      XL: |  1  2  3  4  5  6  7  8 |
---------------+-------------------------+-----
Axes           | 3 4 5 6 7 8 |  8.5
Fighting       | 4 5 6 |  6.8
Shields        | 4 5 6 |  6.8
Armour         | 4 5 |  5.4

Action                     |  1- 3 |  4- 6 |  7- 9 || total
---------------------------+-------+-------+-------++-------
  Melee: War axe           |    82 |   117 |    85 ||   284
         Headbutt          |    10 |    12 |    12 ||    34
    Use: Scroll            |     3 |     2 |     4 ||     9
         Potion            |       |       |     3 ||     3
 Armour: Scale mail        |    60 |    97 |    19 ||   176
         Chain mail        |       |       |    54 ||    54
  Dodge: Dodged            |    33 |    60 |    25 ||   118
  Block: Buckler           |    15 |    30 |     3 ||    48
         Kite shield       |       |       |    39 ||    39

Table legend: (Time is in decaauts)
 A = Elapsed time spent in this place.
 B = Non-inter-level travel time spent in this place.
 C = Inter-level travel time spent in this place.
 D = Time resting spent in this place.
 E = Time spent auto-exploring this place.
 F = Levels seen in this place.
 G = Mean time per level.
                   A        B        C        D        E       F      G
               +--------+--------+--------+--------+--------+-----+--------+
         Total |   3827 |   3705 |    122 |     23 |   2696 |   7 |  546.7 |
       Dungeon |   3815 |   3697 |    118 |     23 |   2696 |   6 |  635.8 |
        Temple |     12 |      8 |      4 |      0 |      0 |   1 |   12.0 |
               +--------+--------+--------+--------+--------+-----+--------+

Top non-repeatable levels by time:
     D:4: 1024 daAuts
     D:5: 749 daAuts
     D:3: 660 daAuts
     D:1: 557 daAuts
     D:6: 440 daAuts
     D:2: 382 daAuts
  Temple: 12 daAuts
